 Dungeon Crawl Stone Soup version 0.19-a0-1183-gcd7e582 (webtiles) character file.

844826 Selbstmordattentater the Thanatomancer (level 27, 0/233 HPs)
             Began as a Mummy Necromancer on Aug 12, 2016.
             Was the Champion of Okawaru.
             Slain by an apis (30 damage)
             ... in Pandemonium on Aug 18, 2016.
             The game lasted 1 day 07:49:57 (80943 turns).

Selbstmordattentater the Thanatomancer (MuNe)  Turns: 80943, Time: 1 , 07:49:58

Health: 0/233      AC: 33    Str: 28    XL:     27
Magic:  24/48      EV: 26    Int: 19    God:    Okawaru [******]
Gold:   2577       SH:  9    Dex: 31    Spells: 11 memorised, 0 levels left

rFire  + + +     SeeInvis +     s - +1 eveningstar of Sejoenem {venom, rF+ Str+2 Dex+4}
rCold  + + .     Gourm    .     S - +10 shadow dragon armour
rNeg   + + +     Faith    .     T - +2 buckler {rC+ rF+}
rPois  ∞         Spirit   .     X - -2 hat of the Alchemist {rElec rPois rF+ rC+ rN+ MR+ rMut rCorr}
rElec  +         Dismiss  .     p - +0 cloak of the Stars {rF+ Str+7 Int-4 Stlth+}
rCorr  +         Reflect  .     H - +3 pair of gloves of Minor Irritation {rC- Str+4 Int+8 Stlth+}
rMut   +         Harm     .     R - +2 pair of boots {Stlth+}
MR     ++++.                    j - amulet of regeneration
Stlth  +++++.....               U - ring "Micaheb" {*Drain +Fly MP+9 Slay+2 SInv}
                                k - +6 ring of dexterity

@: about to teleport, very slightly contaminated, glowing
A: no food or potions, fire vulnerability, cold resistance 1, negative energy
resistance 3, torment resistance, unbreathing, in touch with death 2
a: Heroism, Finesse, Renounce Religion, Evoke Flight
}: 6/15 runes: serpentine, barnacled, slimy, silver, abyssal, demonic


You were in Pandemonium.
You worshipped Okawaru.
Okawaru was exalted by your worship.
You were not hungry.

You visited 14 branches of the dungeon, and saw 60 of its levels.
You visited Pandemonium 1 time, and saw 3 of its levels.
You visited the Abyss 1 time.
You also visited: Sewer, Ice Cave, Volcano and Wizlab.

You collected 11298 gold pieces.
You spent 8721 gold pieces at shops.

Inventory:

Hand Weapons
 a - the +7 short sword of the Lost Tales {speed, Str+5}
   (You found it on level 10 of the Dungeon)

   Attacks with this weapon are significantly faster.
   It affects your strength (+5).
 b - the +8 hand axe of Guile {elec, Int+9}
   (You bought it in a shop on level 15 of the Dungeon)

   Occasionally, upon striking a foe, it will discharge some electrical energy
   and cause terrible harm.
   It affects your intelligence (+9).
 c - the +8 autumn katana {slice, Clar}
   (You found it on level 5 of the Pits of Slime)

   It inflicts extra damage upon your enemies.
   It protects you against confusion.
 s - the +1 eveningstar of Sejoenem (weapon) {venom, rF+ Str+2 Dex+4}
   (You found it on level 4 of the Depths)

   It poisons the flesh of those it strikes.
   It affects your strength (+2).
   It affects your dexterity (+4).
   It protects you from fire.
 t - a +2 demon trident of venom
 B - a +0 demon blade of flaming
 E - the +12 trident of Destiny {pierce, Str+5}
   (You found it on level 12 of the Dungeon)

   It inflicts extra damage upon your enemies.
   It affects your strength (+5).
 G - the +8 flail of Topse {freeze, MR+ SInv}
   (You found it in Pandemonium)

   It has been specially enchanted to freeze those struck by it, causing extra
   injury to most foes and up to half again as much damage against particularly
   susceptible opponents.
   It can also slow down cold-blooded creatures.
   It affects your resistance to hostile enchantments.
   It lets you see invisible.
Armour
 d - an ice dragon hide
 h - a pearl dragon hide
 p - the +0 cloak of the Stars (worn) {rF+ Str+7 Int-4 Stlth+}
   (Okawaru gifted it to you on level 5 of the Realm of Zot)

   It affects your strength (+7).
   It affects your intelligence (-4).
   It protects you from fire.
   It makes you more stealthy.
 H - the +3 pair of gloves of Minor Irritation (worn) {rC- Str+4 Int+8 Stlth+}
   (You bought it in a shop on level 2 of the Orcish Mines)

   It affects your strength (+4).
   It affects your intelligence (+8).
   It makes you vulnerable to cold.
   It makes you more stealthy.
 I - the cursed +0 large shield of Focus {Dex+3}
   (You took it off a daeva in Pandemonium)

   It affects your dexterity (+3).
   It has a curse placed upon it.
 P - the +1 cloak of the Moneychanger {Dex+6}
   (Okawaru gifted it to you on level 2 of the Elven Halls)

   It affects your dexterity (+6).
 R - a +2 pair of boots of stealth (worn)
 S - a +10 shadow dragon armour (worn)
 T - a +2 buckler of resistance (worn)
 V - a +2 large shield of protection
 X - the -2 hat of the Alchemist (worn) {rElec rPois rF+ rC+ rN+ MR+ rMut rCorr}
   (You found it in a wizard's laboratory)

   It protects you from fire.
   It protects you from cold.
   It insulates you from electricity.
   It protects you from poison.
   It protects you from negative energy.
   It affects your resistance to hostile enchantments.
   It protects you from acid and corrosion.
   It protects you from mutation.
 Z - a +1 large shield of reflection
Magical Staves
 o - an uncursed staff of death
 r - an uncursed staff of power
 Y - an uncursed staff of wizardry
Jewellery
 j - an amulet of regeneration (around neck)
 k - a +6 ring of dexterity (left hand)
 n - the ring "Gicheph" {Wiz rF+ rC+}
   (You bought it in a shop on level 3 of the Depths)

   [ring of wizardry]

   It improves your spell success rate.
   It protects you from fire.
   It protects you from cold.
 w - an uncursed ring of protection from fire
 J - an uncursed ring of protection from magic
 O - an uncursed ring of magical power
 U - the ring "Micaheb" (right hand) {*Drain +Fly MP+9 Slay+2 SInv}
   (You found it on level 3 of the Elven Halls)

   [ring of magical power]

   It affects your accuracy and damage with ranged weapons and melee attacks
   (+2).
   It affects your magic capacity (+9).
   It lets you see invisible.
   It lets you fly.
   It causes draining when unequipped.
Wands
 i - a wand of heal wounds (3/9)
 u - a wand of disintegration (2/24)
 F - a wand of digging (1/24)
 N - a wand of teleportation (0/9)
 W - a wand of hasting (1/9)
Scrolls
 e - 2 scrolls of torment
 f - 14 scrolls of immolation
 l - 15 scrolls of identify
 m - 17 scrolls of remove curse
 q - 2 scrolls of fear
 v - 4 scrolls of magic mapping
 x - 3 scrolls of blinking
 y - 13 scrolls of enchant weapon
 z - 2 scrolls of silence
 A - 2 scrolls of brand weapon
 C - a scroll of summoning
 D - 7 scrolls of vulnerability
 K - 5 scrolls of fog
 Q - 3 scrolls of enchant armour
Books
 L - Kikubaaqudgha's Volume of Sinister Rituals
   (You found it on level 3 of the Crypt)

   Spells                             Type                      Level
   a - Animate Skeleton               Necromancy                   1
   b - Sublimation of Blood           Necromancy                   2
   c - Control Undead                 Necromancy                   4
   d - Cigotuvi's Embrace             Necromancy                   5
   e - Simulacrum                     Ice/Necromancy               6
   f - Infestation                    Necromancy                   8


   Skills:
 - Level 22.6 Fighting
 - Level 8.0 Short Blades
 - Level 5.5(5.7) Maces & Flails
 - Level 14.0 Polearms
 - Level 2.0(10.1) Staves
 - Level 13.0 Armour
 - Level 17.0 Dodging
 - Level 18.0 Stealth
 - Level 5.0 Shields
 - Level 12.0 Spellcasting
 - Level 15.0 Hexes
 - Level 23.0 Necromancy
 - Level 5.0 Translocations
 + Level 12.8 Earth Magic
 - Level 10.0 Invocations
 - Level 8.0 Evocations


You couldn't memorise any spells.
You knew the following spells:

 Your Spells              Type           Power        Failure   Level  Hunger
a - Dispel Undead         Necr           ########     1%          5    N/A
b - Lee's Rapid Deconstr  Erth           ######....   3%          5    N/A
c - Vampiric Draining     Necr           ########..   0%          3    N/A
d - Animate Dead          Necr           N/A          1%          4    N/A
e - Agony                 Necr           ########     1%          5    N/A
f - Cigotuvi's Embrace    Necr           ########..   1%          5    N/A
g - Apportation           Tloc           ####......   2%          1    N/A
h - Invisibility          Hex            ######..     10%         6    N/A
i - Tukima's Dance        Hex            ######..     1%          3    N/A
j - Aura of Abjuration    Summ           ##........   100%        5    N/A
k - Infestation           Necr           ########..   14%         8    N/A

Dungeon Overview and Level Annotations

Branches:
Dungeon (15/15)            Temple (1/1) D:7            Lair (6/6) D:8
 Shoals (4/4) Lair:2        Snake (4/4) Lair:3        Slime (5/5) Lair:6
    Orc (2/2) D:11            Elf (3/3) Orc:2        Vaults (5/5) D:14
  Crypt (3/3) Vaults:2       Tomb (1/3) Crypt:3      Depths (5/5) D:15
   Hell (1/1)                 Dis (0/7) Hell            Geh (0/7) Hell
    Coc (0/7) Hell            Tar (0/7) Hell            Zot (5/5) Depths:5

Altars:
Ashenzari
Cheibriados
Dithmenos
Elyvilon
Fedhas
Gozag
Hepliaklqana
Kikubaaqudgha
Makhleb
Nemelex Xobeh
Okawaru
Qazlal
Ru
Sif Muna
Trog
Uskayaw
Vehumet
Xom
Yredelemnul
Zin
The Shining One
Beogh
Jiyva
Pakellas

Shops:
D:14 !   D:15 =[*(!   Orc:2 [!**%   Elf:1 }   Elf:3 :   Snake:2 *   Snake:4 }
Vaults:2 }   Depths:2 (*(   Depths:3 =}=

Portals:
Hell: Depths:1 Depths:2 Depths:3 Depths:4 Depths:5
Abyss: Depths:4 Depths:5
Pandemonium: Depths:3
Ziggurat: Depths:4
Trove: D:12 (give +4 ice dragon armour)


Innate Abilities, Weirdness & Mutations

You do not eat or drink.
Your flesh is vulnerable to fire.
You are immune to poison.
Your flesh is cold resistant. (rC+)
You are immune to negative energy. (rN+++)
You are immune to unholy pain and torment.
You can survive without breathing.
You are strongly in touch with the powers of death.


Message History

The ophan appears unharmed.
The ophan turns its gaze towards you.
Found a wand of confusion.
An angel and 3 apis come into view.
The angel is wielding a whip of holy wrath.
Blink to where?
Press: ? - help, Dir - move target cursor You are very lightly contaminated with residual magic.
As you read the scroll of blinking, it crumbles to dust.
Evoke which item? (* to show all) (? for menu, Esc to quit)
Okay, then.
Evoke which item? (* to show all) (? for menu, Esc to quit)
Zapping:
N - a wand of teleportation (1/9)
Press: ? - help, Shift-Dir - straight line, f - you You feel strangely unstable.
This wand has 0 charges left.
The apis gores you but does no damage. The apis gores you!!!
* * * LOW HITPOINT WARNING * * *
The apis sears you!!
You die...

#........#*,,**,,*****##'#'#'##*
##........#*,,*#....,,,,.......,,
#...).....#*,,*#...,,,,,8,,,,,8,,
..........#*,,*#...,,,,,,,,,,,,,,
....#.....#*,,*#..#*#######*#****
...####...#*,,*#..###8#8#8#8#8#8*
..## #....#*,,*#..##≈≈≈≈A≈≈G≈≈≈≈≈
..####....#*,,*#..#8§./AAY..Y..,,
...##.....#*,,*#@.##≈.GYA§§A..A,,
..........##..*#.Y'A.A..§G§..A.A,
..........##..##..##≈...§§.8...,,
#.........##..##≈≈#8≈....#DGY#.,,
##........##..######≈....#...#,,,
###......##..#...#8≈...##,_.#*,,
##.....##..#..!##≈≈≈##**A##**≈
#.....##^.###'#********,*****
##....##......#*≈,,,,,,,,,,,,


You could see an apis, an angel and a cherub.

Vanquished Creatures
  the Royal Jelly (Slime:5)
  5 orbs of fire
  Mara (Vaults:3)
  7 ancient liches
  A juggernaut (Depths:5)
  2 greater mummies (Tomb:1)
  Margery (Depths:2)
  2 pandemonium lords (Pan)
  A caustic shrike (Depths:4)
  Saint Roka (Elf:3)
  Xtahua (Vaults:5)
  Geryon (Hell)
  6 Killer Klowns
  A curse toe (Zot:5)
  16 golden dragons
  A profane servitor (Abyss:3)
  Nikola (Shoals:3)
  3 bone dragons
  A mutant beast (WizLab)
  2 Brimstone Fiends (Pan)
  3 electric golems (Zot:5)
  Jorgrun (Vaults:1)
  17 tentacled monstrosities
  4 liches
  25 Orb Guardians (Zot:5)
  2 Ice Fiends (Pan)
  A Hell Sentinel (Abyss:2)
  Asterion (Elf:3)
  3 titans (Vaults:5)
  A quicksilver dragon (Depths:5)
  4 deep elf blademasters
  14 sphinxes
  A kraken (Shoals:4)
  An eldritch tentacle (Snake:4)
  21 acid blobs
  6 death cobs
  3 ancient champions
  6 shadow dragons
  7 tentacled starspawn
  9 tengu reavers
  2 Executioners (Pan)
  8 draconian monks
  23 daevas
  6 greater nagas (Snake:4)
  Roxanne (Shoals:1)
  Ilsuiw (Shoals:3)
  Donald (Elf:1)
  2 revenants
  3 draconian knights
  5 fire giants
  21 storm dragons
  7 azure jellies
  11 frost giants
  15 vault wardens
  12 deep elf sorcerers
  9 draconian scorchers
  10 draconian shifters
  3 ghouls (Crypt:3)
  5 ghost moths
  3 orc warlords
  Aizul (Elf:1)
  9 draconian zealots
  A cacodemon (Abyss:3)
  27 angels (Pan)
  An iron dragon (Vaults:5)
  4 curse skulls
  13 ironheart preservers
  5 reapers
  2 deep elf elementalists
  A spriggan defender (Depths:3)
  6 war gargoyles
  3 draconian annihilators
  34 very ugly things
  13 stone giants
  An entropy weaver (Vaults:5)
  5 deep elf demonologists
  A draconian caller (Zot:2)
  11 ophanim (Pan)
  30 apis (Pan)
  5 vampire knights
  4 lorocyprocas (Pan)
  12 black draconians
  15 white draconians
  15 green draconians
  16 mottled draconians
  2 black suns (Pan)
  4 deep elf annihilators
  13 purple draconians
  13 red draconians
  9 yellow draconians
  7 merfolk javelineers
  5 dire elephants (Lair:6)
  3 eidola
  3 spark wasps (Depths:5)
  Snorg (Orc:1)
  5 green deaths (Pan)
  11 deep elf death magi
  A mummy priest (Tomb:1)
  8 ettins
  2 crystal guardians
  10 great orbs of eyes
  6 death oozes
  8 merfolk impalers
  7 jiangshi
  4 deep elf high priests (Elf:3)
  17 fire dragons
  A kraken zombie (Hell)
  A quicksilver dragon zombie (Abyss:3)
  15 ice dragons
  14 yaktaur captains
  A quicksilver dragon skeleton (Crypt:3)
  10 rakshasas
  39 vault guards
  3 hydras
  A monstrous demonspawn (Pan)
  2 spriggan air magi
  2 death knights
  14 ogre magi
  2 alligator snapping turtles (Shoals:4)
  3 merfolk avatars
  9 centaur warriors
  2 catoblepae (Abyss:3)
  25 naga warriors
  2 hell beasts (Pan)
  3 merfolk aquamancers (Shoals:4)
  9 anacondas
  5 vampire magi
  3 satyrs
  10 hell hogs
  13 deep troll shamans
  5 tengu warriors
  11 death scarabs (Tomb:1)
  28 dancing weapons
  6 deep troll earth magi
  5 death yaks (Lair:6)
  7 orc high priests
  8 naga sharpshooters
  17 thrashing horrors
  4 spriggan berserkers
  13 sun demons
  26 deep elf knights
  7 shock serpents
  11 hell knights
  6 soul eaters
  3 storm dragon zombies
  3 iron golems
  3 shadow wraiths
  3 spatial maelstroms
  25 skeletal warriors
  4 iron trolls
  4 sixfirhies
  14 wretched stars
  2 unseen horrors
  36 deep trolls
  2 fire crabs (shapeshifter)
  5 giant orange brains
  11 cherubim (Pan)
  2 salamander mystics (Snake:2)
  2 flayed ghosts
  4 wizards
  2 unseen horrors (shapeshifter) (WizLab)
  3 naga ritualists
  A death drake (shapeshifter) (Vaults:4)
  13 sea snakes
  17 deep elf archers
  2 death drakes (Abyss:3)
  A torturous demonspawn (Pan)
  7 hill giants
  23 orc knights
  An anubis guard (shapeshifter) (D:14)
  A putrid demonspawn (Pan)
  12 ironbrand convokers
  2 sphinx zombies (Hell)
  2 orb spiders (shapeshifter)
  3 harpies (shapeshifter)
  2 shadow dragon zombies
  Pikel (D:3)
  43 ugly things
  8 phantasmal warriors
  23 harpies
  13 necromancers
  8 mana vipers
  A golden dragon skeleton (Crypt:3)
  5 shining eyes
  A wolf spider (Vaults:2)
  68 deep elf magi
  An oklob plant (Lair:4)
  3 wolf spider zombies
  2 mana vipers (shapeshifter)
  11 manticores
  10 orc sorcerers
  3 hornets
  A stone giant zombie (Hell)
  7 griffons
  2 shadow dragon skeletons
  A frost giant zombie (Vaults:2)
  A moth of wrath (shapeshifter) (WizLab)
  A wolf spider (shapeshifter) (Vaults:4)
  2 manticores (shapeshifter)
  9 fauns
  2 fire giant skeletons
  40 moths of wrath
  14 salamanders
  4 worldbinders (Abyss:2)
  15 naga magi
  5 sirens
  3 frost giant skeletons
  6 cyclopes
  11 guardian serpents
  A guardian serpent (shapeshifter) (WizLab)
  11 rust devils
  12 elephants
  3 black mambas (shapeshifter) (WizLab)
  A hell hog skeleton (Crypt:1)
  A shock serpent zombie (Crypt:2)
  A spriggan zombie (Hell)
  21 smoke demons
  15 vault sentinels
  2 eyes of devastation
  7 water nymphs
  A stone giant skeleton (Vaults:5)
  37 large abominations
  A spiny frog (shapeshifter) (WizLab)
  23 black mambas
  2 purple draconian zombies
  2 ice statues
  7 spiny frogs
  8 orange demons
  6 gargoyles
  2 blink frogs (Lair:2)
  2 komodo dragons (shapeshifter)
  5 rime drakes
  A hellion (Abyss:3)
  A dire elephant skeleton (Abyss:1)
  An efreet (Abyss:3)
  An emperor scorpion zombie (Crypt:2)
  48 yaktaurs
  A kobold demonologist (Depths:4)
  A rime drake (shapeshifter) (Depths:2)
  8 freezing wraiths
  3 komodo dragons
  A yaktaur zombie (Hell)
  3 guardian mummies (Tomb:1)
  3 ice devils
  A harpy zombie (D:14)
  2 elves (WizLab)
  A ghost moth simulacrum (Abyss:2)
  6 ancient zymes
  8 red devils
  A tormentor (Abyss:3)
  A sea snake skeleton (Crypt:2)
  A queen ant zombie (Crypt:1)
  3 demonic crawlers
  A merfolk (shapeshifter) (Depths:5)
  5 catoblepas skeletons (Abyss:3)
  29 merfolk
  A tengu conjurer (D:11)
  A polar bear (shapeshifter) (WizLab)
  A queen bee (shapeshifter) (Depths:3)
  20 two-headed ogres
  9 trolls
  4 hydra zombies (Hell)
  18 polar bears
  A wind drake (shapeshifter) (Vaults:4)
  2 wind drakes
  Grinder (D:4)
  4 fire dragon zombies
  4 ushabtiu (Tomb:1)
  2 blink frogs (shapeshifter)
  80 slime creatures
  2 hydra skeletons
  27 raiju
  5 snapping turtles
  5 boulder beetles
  2 frost giant simulacra
  A black mamba zombie (Hell)
  An alligator skeleton (Crypt:2)
  8 flying skulls
  An elf skeleton (Vaults:5)
  A redback (Vaults:5)
  2 spriggans (shapeshifter) (WizLab)
  A stone giant simulacrum (Vaults:1)
  7 air elementals
  10 shadows
  11 water elementals
  A wyvern (shapeshifter) (WizLab)
  A spriggan skeleton (Depths:1)
  2 tarantellas (shapeshifter)
  A wyvern (D:15)
  2 spriggans
  A centaur simulacrum (D:15)
  14 ynoxinuls
  29 starcursed masses
  15 wraiths
  A yak (shapeshifter) (WizLab)
  3 humans (WizLab)
  A fire bat (shapeshifter) (WizLab)
  8 fire bats
  4 vampire mosquitoes (D:14)
  12 chaos spawn
  8 vampires
  6 golden eyes
  5 basilisks
  51 yaks
  12 hippogriffs
  9 neqoxecs
  10 fire elementals
  3 hungry ghosts
  A mottled dragon (shapeshifter) (Depths:4)
  A mottled dragon (Vaults:2)
  59 nagas
  A tengu zombie (Hell)
  13 water moccasins
  11 wargs
  A soldier ant (shapeshifter) (Vaults:1)
  Edmund (D:3)
  33 small abominations
  Duvessa (D:7)
  4 giant eyeballs (WizLab)
  5 hell hounds
  4 slaves
  4 ice beasts
  4 spiny frog zombies
  An infernal demonspawn skeleton (Crypt:3)
  7 porcupines
  38 orc warriors
  A sky beast (D:11)
  3 black bears
  An ice beast (shapeshifter) (WizLab)
  A hornet simulacrum (Vaults:1)
  2 human zombies (Vaults:2)
  An elephant zombie (Crypt:1)
  18 eyes of draining
  2 fire dragon simulacra
  A phantom (D:6)
  3 wasps
  A necrophage (D:10)
  A snapping turtle zombie (Crypt:3)
  A swamp dragon skeleton (Hell)
  54 ogres
  13 boggarts
  A snapping turtle skeleton (Tomb:1)
  2 swamp dragon zombies
  10 centaurs
  A human skeleton (Vaults:2)
  26 wolves
  A crocodile (shapeshifter) (WizLab)
  8 crocodiles
  An elf zombie (Elf:2)
  13 giant frogs
  5 big kobolds
  9 earth elementals (Abyss:3)
  A wyvern zombie (D:9)
  2 gnoll sergeants
  Dowan (D:7)
  A wyvern skeleton (D:15)
  4 scorpions
  A raiju zombie (Crypt:1)
  25 killer bees
  A raiju skeleton (Crypt:1)
  An electric eel (Lair:4)
  10 wights
  5 howler monkeys
  A howler monkey (shapeshifter) (WizLab)
  5 centaur zombies
  A wasp zombie (D:9)
  3 giant frog zombies
  2 quasits
  7 crimson imps
  6 centaur skeletons
  6 jellies
  47 orc priests
  2 giant frog skeletons
  A gnoll shaman (D:10)
  5 hounds
  Crazy Yiuf (D:2)
  A two-headed ogre skeleton (Crypt:2)
  15 worker ants
  7 iguanas
  Natasha (D:2)
  33 orc wizards
  6 hell rats (Hell)
  A porcupine skeleton (Crypt:1)
  A mottled dragon zombie (Crypt:2)
  21 sheep
  A giant frog simulacrum (D:9)
  A hound zombie (D:9)
  A human simulacrum (Abyss:3)
  3 mummies (Tomb:1)
  A hound skeleton (D:10)
  2 worker ant zombies (D:9)
  11 gnolls
  A howler monkey skeleton (D:10)
  19 adders
  33 river rats
  A shadow imp (D:15)
  14 white imps
  An ufetubus (Abyss:1)
  3 oozes
  4 adder zombies
  3 adder skeletons
  3 worms
  A dart slug (D:2)
  6 giant geckos
  89 orcs
  7 ball pythons
  4 giant cockroaches
  9 goblins
  6 hobgoblins
  7 jackals
  11 kobolds
  2 quokkas
  12 bats
  A giant cockroach zombie (D:6)
  5 giant newts
  A kobold zombie (Crypt:1)
  10 rats
  2 crawling corpses (Elf:3)
  A lurking horror (Abyss:3)
  4 plants
  2 starspawn tentacles (Abyss:3)
  5 tentacles
3204 creatures vanquished.

Vanquished Creatures (collateral kills)
  A pearl dragon (Pan)
  An acid blob (Lair:6)
  3 daevas (Pan)
  2 angels (Pan)
  4 ophanim (Pan)
  6 apis (Pan)
  A dire elephant (Lair:6)
  A merfolk javelineer (Shoals:4)
  A merfolk impaler (Shoals:1)
  Fannar (Lair:1)
  2 naga warriors (Snake:4)
  2 hydras (Lair:5)
  A death yak (Lair:5)
  An orc high priest (Orc:2)
  Sonja (Lair:4)
  A sea snake (Shoals:2)
  A cherub (Pan)
  5 harpies
  3 oklob plants
  A cyclops (Shoals:2)
  A salamander (Snake:4)
  A siren (Shoals:2)
  A black mamba (Lair:1)
  3 elephants
  A water nymph (Shoals:1)
  3 naga magi (Snake:4)
  3 spiny frogs
  A rime drake (shapeshifter) (WizLab)
  2 yaktaurs (Depths:1)
  3 komodo dragons
  3 merfolk
  2 polar bears
  A blink frog (Lair:2)
  A snapping turtle (Shoals:4)
  A slime creature (shapeshifter) (WizLab)
  3 flying skulls (D:9)
  A redback (shapeshifter) (WizLab)
  A yak (shapeshifter) (WizLab)
  6 yaks
  A fire bat (Lair:4)
  3 hippogriffs
  A human (WizLab)
  6 nagas
  A mottled dragon (D:13)
  3 water moccasins
  2 porcupines
  5 wolves
  A centaur (D:11)
  4 crocodiles
  4 giant frogs
  An earth elemental (Elf:1)
  A killer bee (D:13)
  A wight (D:9)
  An electric eel (Lair:6)
  A crimson imp (D:11)
  2 giant frog skeletons (D:9)
  2 orc priests (Orc:2)
  2 hound skeletons (D:9)
  A howler monkey skeleton (D:10)
  3 gnolls
  2 river rats (Lair:1)
  7 adders
  A white imp (D:13)
  An ooze (D:1)
  An adder skeleton (D:9)
  5 orcs
  A kobold (D:7)
  A quokka zombie (D:9)
  7 fungi
  14 plants
163 creatures vanquished.

Vanquished Creatures (others)
  A golden dragon (Zot:5)
  A tengu reaver (Vaults:5)
  A storm dragon (Zot:1)
  A fire giant (Depths:4)
  3 draconian zealots
  A draconian caller (Zot:3)
  A merfolk javelineer (Shoals:4)
  A deep elf high priest (Elf:3)
  A yaktaur captain (Vaults:3)
  A naga warrior (Snake:2)
  A hell hog (Abyss:3)
  2 deep elf knights
  A sea snake (Shoals:4)
  An unseen horror (Abyss:3)
  A wizard (Depths:3)
  An unseen horror (shapeshifter) (WizLab)
  A harpy (Shoals:2)
  An ugly thing (Vaults:3)
  2 moths of wrath (Zot:5)
  3 deep elf magi
  A large abomination (Abyss:3)
  A torpor snail (Lair:5)
  A yaktaur (Vaults:3)
  A merfolk (Shoals:4)
  A polar bear (IceCv)
  A two-headed ogre (Volcano)
  A blink frog (Lair:2)
  2 raiju (Abyss:3)
  A hog (Volcano)
  2 yaks
  A mottled dragon (Lair:4)
  A centaur (Volcano)
  A quasit (Abyss:3)
  3 sheep
  An ufetubus (Abyss:3)
  An orc (Elf:3)
  A jackal simulacrum (D:9)
  2 bushes (Lair:6)
  30 fungi
  2 lurking horrors
  27 plants
  12 starspawn tentacles
  11 tentacles
  7 withered plants (Crypt:3)
138 creatures vanquished.

Grand Total: 3505 creatures vanquished

Notes
Turn   | Place    | Note
-------+----------+-------------------------------------------
     0 | D:1      | Selbstmordattentater the Mummy Necromancer began the quest for the Orb.
     0 | D:1      | Reached XP level 1. HP: 13/13 MP: 3/3
    75 | D:1      | Learned a level 1 spell: Animate Skeleton
   236 | D:1      | Reached XP level 2. HP: 19/19 MP: 1/5
   700 | D:1      | Reached skill level 5 in Necromancy
   744 | D:1      | Reached XP level 3. HP: 24/24 MP: 4/6
  1111 | D:2      | Found an iron altar of Okawaru.
  1174 | D:2      | Became a worshipper of Warmaster Okawaru
  1357 | D:2      | Learned a level 3 spell: Vampiric Draining
  1478 | D:2      | Reached XP level 4. HP: 30/30 MP: 3/8
  1599 | D:2      | Noticed Natasha
  1624 | D:2      | Killed Natasha
  1681 | D:2      | Found a runed door.
  1685 | D:2      | Noticed Crazy Yiuf
  1696 | D:2      | Killed Crazy Yiuf
  1855 | D:2      | Reached skill level 1 in Fighting
  1855 | D:2      | Reached XP level 5. HP: 26/37 MP: 6/9
  2460 | D:3      | Found a glowing drain.
  2469 | Sewer    | Entered a sewer
  3206 | D:4      | Reached skill level 1 in Staves
  3284 | D:4      | Reached XP level 6. HP: 47/47 MP: 8/10
  3349 | D:4      | Reached * piety under Okawaru
  3357 | D:4      | Learned a level 4 spell: Animate Dead
  3403 | D:4      | Noticed Edmund
  3403 | D:4      | Noticed Pikel
  3403 | D:4      | Noticed a slave
  3403 | D:4      | Noticed a slave
  3403 | D:4      | Noticed a slave
  3822 | D:4      | Noticed Grinder
  3829 | D:4      | Paralysed by Grinder for 2 turns
  3838 | D:4      | Killed Grinder
  3838 | D:4      | Reached XP level 7. HP: 45/52 MP: 11/11
  3889 | D:4      | Reached ** piety under Okawaru
  4108 | D:3      | Killed Edmund
  4108 | D:3      | Reached skill level 5 in Stealth
  4540 | D:5      | Entered Level 5 of the Dungeon
  4750 | D:5      | Reached XP level 8. HP: 50/61 MP: 12/12
  4755 | D:5      | Reached skill level 5 in Fighting
  5167 | D:6      | Reached *** piety under Okawaru
  5280 | D:6      | Reached skill level 1 in Evocations
  5762 | D:7      | Reached skill level 6 in Necromancy
  5885 | D:6      | Reached XP level 9. HP: 44/69 MP: 0/13
  5959 | D:6      | Reached **** piety under Okawaru
  5959 | D:6      | Reached skill level 7 in Necromancy
  6197 | D:7      | Reached skill level 1 in Invocations
  6349 | D:7      | Noticed Duvessa
  6350 | D:7      | Noticed Dowan
  6357 | D:7      | Killed Duvessa
  6362 | D:7      | Killed Dowan
  6553 | D:7      | Found a staircase to the Ecumenical Temple.
  6584 | Temple   | Entered the Ecumenical Temple
  7076 | D:8      | Found an ancient bone altar of Kikubaaqudgha.
  7076 | D:8      | Found a shadowy altar of Dithmenos.
  7086 | D:8      | Found a glowing golden altar of the Shining One.
  7087 | D:8      | Found an opulent altar of Gozag.
  7087 | D:8      | Found a bloodstained altar of Trog.
  7089 | D:8      | Found a hide-covered altar of Uskayaw.
  7089 | D:8      | Found a glowing silver altar of Zin.
  7091 | D:8      | Found a stormy altar of Qazlal.
  7091 | D:8      | Found a sacrificial altar of Ru.
  7193 | D:8      | Found a staircase to the Lair.
  7194 | D:8      | Noticed a komodo dragon
  7422 | D:3      | Killed Pikel
  7669 | D:8      | Reached skill level 1 in Maces & Flails
  7755 | D:8      | Killed a komodo dragon
  7768 | Lair:1   | Entered Level 1 of the Lair of Beasts
  7768 | Lair:1   | Noticed a rime drake
  7780 | Lair:1   | Killed a rime drake
  7780 | Lair:1   | Reached XP level 10. HP: 65/79 MP: 10/14
  7993 | Lair:1   | Reached ***** piety under Okawaru
  8005 | Lair:1   | Noticed a black mamba
  8026 | Lair:1   | Killed a black mamba
  8200 | Lair:1   | Noticed Fannar
  8230 | Lair:1   | Killed Fannar
  8473 | Lair:2   | Noticed a spiny frog
  8474 | Lair:2   | Noticed an elephant
  8485 | Lair:2   | Killed a spiny frog
  8485 | Lair:2   | Received a gift from Okawaru
  8486 | Lair:2   | Got a pair of bloodstained gloves {god gift}
  8497 | Lair:2   | Identified the +0 pair of gloves of the Lobster {rElec} (Okawaru gifted it to you on level 2 of the Lair of Beasts)
  8504 | Lair:2   | Noticed an elephant
  8504 | Lair:2   | Noticed an elephant
  8504 | Lair:2   | Noticed an elephant
  8506 | Lair:2   | Noticed an elephant
  8520 | Lair:2   | Killed an elephant
  8701 | Lair:1   | Killed an elephant
  8739 | Lair:2   | Reached skill level 10 in Fighting
  9157 | D:9      | Reached skill level 8 in Necromancy
  9322 | D:9      | Reached XP level 11. HP: 30/90 MP: 13/15
  9376 | D:9      | Noticed a skeletal warrior
  9599 | D:9      | Got a crude golden ring
  9600 | D:9      | Identified the ring of Zaydyi {+Inv rPois MR- Int+5 Dex+3} (You found it on level 9 of the Dungeon)
 10044 | D:9      | Reached skill level 5 in Dodging
 10125 | D:9      | Upgraded the game from 0.19-a0-1126-g0490cf6 to 0.19-a0-1142-ga75ee97
 10156 | D:10     | Entered Level 10 of the Dungeon
 10692 | Lair:2   | Found a staircase to the Shoals.
 10773 | Lair:2   | Received a gift from Okawaru
 10907 | Lair:2   | Noticed an oklob plant
 10933 | Lair:2   | Killed an oklob plant
 11347 | Lair:3   | Reached skill level 9 in Necromancy
 11633 | Lair:3   | Found a staircase to the Snake Pit.
 11701 | Lair:3   | Got a smoking spear
 11702 | Lair:3   | Identified the cursed +1 spear of Tenacity {vamp, rF+} (You found it on level 3 of the Lair of Beasts)
 12005 | Lair:4   | Reached skill level 10 in Necromancy
 12056 | Lair:4   | Received a gift from Okawaru
 12200 | Lair:4   | Found a dark tunnel.
 12245 | Volcano  | Entered a volcano
 12321 | Volcano  | Noticed a deep elf mage
 12343 | Volcano  | Killed a deep elf mage
 12349 | Volcano  | Reached skill level 1 in Polearms
 12681 | Volcano  | Noticed a deep elf mage
 12703 | Volcano  | Killed a deep elf mage
 12799 | Lair:4   | Reached skill level 1 in Armour
 12799 | Lair:4   | Reached XP level 12. HP: 97/97 MP: 16/16
 12839 | Lair:4   | Noticed an eight-headed hydra
 12847 | Lair:4   | Killed an eight-headed hydra
 12965 | Lair:4   | Noticed Sonja
 12975 | Lair:4   | Killed Sonja
 12975 | Lair:4   | Reached skill level 1 in Short Blades
 13200 | Lair:4   | Got a pair of pitted gloves
 13211 | Lair:4   | Identified the cursed +0 pair of gloves "Sabriyng" {Dex+4} (You found it on level 4 of the Lair of Beasts)
 13490 | Lair:5   | Noticed a five-headed hydra
 13610 | Lair:5   | Noticed a seven-headed hydra
 14055 | Lair:5   | Killed a five-headed hydra
 14112 | Lair:5   | Killed a seven-headed hydra
 14148 | Lair:5   | Received a gift from Okawaru
 14148 | Lair:5   | Reached skill level 5 in Armour
 14234 | Lair:6   | Entered Level 6 of the Lair of Beasts
 14234 | Lair:6   | Noticed a death yak
 14234 | Lair:6   | Noticed a death yak
 14245 | Lair:6   | Noticed an eight-headed hydra
 14447 | Lair:5   | Killed an eight-headed hydra
 14447 | Lair:5   | Reached ****** piety under Okawaru
 14533 | Lair:5   | Killed a death yak
 14562 | Lair:6   | Noticed a four-headed hydra
 15073 | D:10     | Reached skill level 5 in Maces & Flails
 15255 | D:10     | Got a warped short sword
 15256 | D:10     | Identified the +7 short sword of the Lost Tales {speed, Str+5} (You found it on level 10 of the Dungeon)
 15272 | D:10     | Identified a scroll of acquirement
 15274 | D:10     | Got a pitted crystal plate armour
 15285 | D:10     | Identified the +12 crystal plate armour "Buysuzex" {rF+ rC+++ rN+ Int-5} (You acquired it on level 10 of the Dungeon)
 15848 | D:11     | Gained mutation: You are in touch with the powers of death. [Mummy growth]
 15848 | D:11     | Reached XP level 13. HP: 85/103 MP: 17/17
 15864 | D:11     | Found a staircase to the Orcish Mines.
 16724 | Lair:6   | Received a gift from Okawaru
 16818 | Lair:6   | Reached skill level 5 in Short Blades
 16872 | Lair:6   | Received a gift from Okawaru
 17256 | Lair:6   | Noticed a dire elephant
 17257 | Lair:6   | Noticed a dire elephant
 17278 | Lair:6   | Killed a dire elephant
 17285 | Lair:6   | Killed a dire elephant
 17399 | Lair:6   | Noticed a dire elephant
 17414 | Lair:6   | Killed a dire elephant
 17435 | Lair:6   | Noticed a dire elephant
 17450 | Lair:6   | Killed a dire elephant
 17613 | Lair:6   | Found a staircase to the Slime Pits.
 17672 | Lair:6   | Noticed a dire elephant
 17696 | Lair:6   | Killed a dire elephant
 17796 | Lair:6   | Noticed a dire elephant
 17816 | Lair:6   | Killed a dire elephant
 17816 | Lair:6   | Reached skill level 10 in Armour
 18228 | Snake:1  | Entered Level 1 of the Snake Pit
 18427 | Snake:1  | Received a gift from Okawaru
 18652 | D:9      | Reached XP level 14. HP: 108/110 MP: 16/18
 18725 | D:9      | Got a warped leather armour
 18726 | D:9      | Identified the +2 leather armour of Circular Logic {rElec rC- Str+3 Slay+2} (You found it on level 9 of the Dungeon)
 18901 | Orc:1    | Entered Level 1 of the Orcish Mines
 18914 | Orc:1    | Noticed Snorg
 18955 | Orc:1    | Killed Snorg
 19277 | Orc:2    | Entered Level 2 of the Orcish Mines
 19514 | Orc:2    | Found a roughly hewn altar of Beogh.
 19661 | Orc:2    | Found Jila's Food Boutique.
 20063 | Orc:2    | Found a staircase to the Elven Halls.
 20492 | Orc:2    | Received a gift from Okawaru
 20664 | Orc:2    | Found Ehyih's General Store.
 20664 | Orc:2    | Found Funyfera's General Store.
 20665 | Orc:2    | Found Everrono's Distillery.
 20669 | Orc:2    | Found Jahor's Armour Boutique.
 20672 | Orc:2    | Bought a scroll of recharging for 133 gold pieces
 21194 | Elf:1    | Entered Level 1 of the Elven Halls
 21520 | Elf:1    | Noticed Donald
 21528 | Elf:1    | Killed Donald
 21528 | Elf:1    | Reached skill level 11 in Necromancy
 21750 | Orc:2    | Bought the +3 pair of gloves of Minor Irritation {rC- Str+4 Int+8 Stlth+} for 617 gold pieces
 21869 | Orc:1    | Received a gift from Okawaru
 21870 | Orc:1    | Got a bloodstained short sword {god gift}
 21871 | Orc:1    | Identified the +1 short sword of Gilyph {freeze, Int+4} (Okawaru gifted it to you on level 1 of the Orcish Mines)
 21895 | D:12     | Found a portal to a secret trove of treasure.
 22012 | D:12     | Got a twisted trident
 22013 | D:12     | Identified the +12 trident of Destiny {pierce, Str+5} (You found it on level 12 of the Dungeon)
 22553 | D:13     | Got a translucent war axe
 22554 | D:13     | Identified the +7 war axe of Royalism {chop, Dex+2} (You found it on level 13 of the Dungeon)
 22566 | D:13     | Found a frozen archway.
 22629 | IceCv    | Entered an ice cave
 23296 | IceCv    | Noticed a frost giant
 23330 | IceCv    | Killed a frost giant
 23330 | IceCv    | Reached skill level 5 in Polearms
 23330 | IceCv    | Reached XP level 15. HP: 92/115 MP: 0/19
 23414 | IceCv    | Got a jewelled hunting sling
 23415 | IceCv    | Identified the +6 hunting sling "Siyfacub" {velocity, +Inv MR- Str+3} (You found it in an ice cave)
 23566 | IceCv    | Upgraded the game from 0.19-a0-1142-ga75ee97 to 0.19-a0-1162-g527d089
 24135 | D:14     | Found an ancient bone altar of Kikubaaqudgha.
 24170 | D:14     | Found a gate to the Vaults.
 24197 | D:14     | Received a gift from Okawaru
 24449 | D:14     | Found Ykhletwann's Distillery.
 24599 | D:14     | Found a bloodstained altar of Trog.
 24729 | D:15     | Entered Level 15 of the Dungeon
 24748 | D:15     | Reached skill level 10 in Stealth
 24909 | D:15     | Found Zomm's Weapon Shop.
 25053 | D:15     | Found a glowing golden altar of the Shining One.
 25067 | D:15     | Found Gisatiwnol's Antique Armour Shoppe.
 25070 | D:15     | Bought a polished scale mail for 279 gold pieces
 25088 | D:15     | Identified the +9 scale mail "Kuellobi" {+Inv MR+} (You bought it in a shop on level 15 of the Dungeon)
 25091 | D:15     | Bought a smoking scale mail for 279 gold pieces
 25116 | D:15     | Identified the +2 scale mail of Fotoin {+Fly MP+9 Str+7 Int-5} (You bought it in a shop on level 15 of the Dungeon)
 25244 | D:15     | Found Caesed's Jewellery Shop.
 25284 | D:15     | Found Umonae's Assorted Antiques.
 25287 | D:15     | Bought a scroll of enchant armour for 217 gold pieces
 25287 | D:15     | Bought a scroll of magic mapping for 101 gold pieces
 25287 | D:15     | Bought a scroll of teleportation for 87 gold pieces
 25287 | D:15     | Bought a ring of evasion for 58 gold pieces
 25287 | D:15     | Bought a notched garnet ring for 145 gold pieces
 25380 | D:15     | Found Pukhleece's Distillery.
 25515 | D:15     | Found a staircase to the Depths.
 25557 | Depths:1 | Entered Level 1 of the Depths
 25593 | Depths:1 | Reached skill level 12 in Necromancy
 25618 | Depths:1 | Reached skill level 5 in Invocations
 25712 | Depths:1 | Found a magical portal.
 25762 | WizLab   | Entered Cigotuvi's Fleshworks
 26134 | WizLab   | Received a gift from Okawaru
 26301 | WizLab   | Noticed Cigotuvi's Monster
 26726 | WizLab   | Reached skill level 5 in Evocations
 26785 | WizLab   | Reached XP level 16. HP: 112/125 MP: 9/20
 26898 | WizLab   | Received a gift from Okawaru
 27163 | WizLab   | Identified the Papyrus of Shape Shifting
 27170 | WizLab   | Identified the Volume of the Bull
 27177 | WizLab   | Identified Cigotuvi's Collected Works on Unholy Transformation
 27188 | WizLab   | Learned a level 5 spell: Agony
 27194 | WizLab   | Learned a level 5 spell: Cigotuvi's Embrace
 27896 | WizLab   | Killed Cigotuvi's Monster
 27896 | WizLab   | Reached skill level 13 in Necromancy
 28058 | Depths:1 | Received a gift from Okawaru
 28138 | D:15     | Bought an uncursed amulet of regeneration for 600 gold pieces
 28405 | Shoals:1 | Entered Level 1 of the Shoals
 28743 | Shoals:1 | Noticed Roxanne
 28913 | Shoals:1 | Got an encrusted hand axe
 28992 | Shoals:1 | Upgraded the game from 0.19-a0-1162-g527d089 to 0.19-a0-1168-g98094fc
 29655 | Shoals:3 | Received a gift from Okawaru
 29660 | Shoals:3 | Got an ancient executioner's axe {god gift}
 29661 | Shoals:3 | Identified the +4 executioner's axe of Res Nullius {flame, rC+ Str+5} (Okawaru gifted it to you on level 3 of the Shoals)
 30057 | Shoals:4 | Entered Level 4 of the Shoals
 30086 | Shoals:4 | Noticed Nikola
 30187 | Shoals:4 | Noticed Ilsuiw
 30206 | Shoals:3 | Killed Nikola
 30623 | Shoals:3 | Killed Ilsuiw
 30663 | Shoals:4 | Received a gift from Okawaru
 30715 | Shoals:4 | Got a brightly glowing hat {god gift}
 30729 | Shoals:4 | Identified the +0 hat "Zabbes" {MR- Int+8} (Okawaru gifted it to you on level 4 of the Shoals)
 30767 | Shoals:4 | Reached XP level 17. HP: 117/133 MP: 12/22
 31587 | Shoals:4 | Noticed a kraken
 31614 | Shoals:4 | Killed a kraken
 31619 | Shoals:4 | Got a barnacled rune of Zot
 31835 | Shoals:3 | Received a gift from Okawaru
 31987 | Shoals:1 | Killed Roxanne
 31989 | Shoals:1 | Identified Roxanne's Catalogue of Earth (You took it off Roxanne on level 1 of the Shoals)
 32330 | Snake:1  | Reached skill level 5 in Spellcasting
 32394 | Snake:1  | Got a pair of transparent boots
 32405 | Snake:1  | Identified the cursed +0 pair of boots "Onihuwob" {Int+3 Dex-3} (You found it on level 1 of the Snake Pit)
 32558 | Snake:1  | Got a twisted mace {venom}
 32559 | Snake:1  | Identified the +5 mace of Edost {venom, Dex+7} (You took it off a naga on level 1 of the Snake Pit)
 32776 | Snake:2  | Found Qumnapne's Assorted Antiques.
 33262 | Snake:2  | Bought a scroll of enchant weapon for 217 gold pieces
 33262 | Snake:2  | Bought a scroll of teleportation for 87 gold pieces
 34318 | Snake:4  | Entered Level 4 of the Snake Pit
 34417 | Snake:4  | Received a gift from Okawaru
 34455 | Snake:4  | Found Ydadghaon's Gadget Emporium.
 34482 | Snake:4  | Bought a wand of teleportation (2/9) for 306 gold pieces
 34691 | Snake:4  | Reached XP level 18. HP: 109/142 MP: 18/25
 35075 | Snake:4  | Received a gift from Okawaru
 35174 | Snake:4  | Got a crystal halberd {god gift}
 35175 | Snake:4  | Identified the +6 halberd "Jiumoum" {chop, Dex+4} (Okawaru gifted it to you on level 4 of the Snake Pit)
 35505 | Snake:4  | Reached skill level 14 in Necromancy
 35629 | Snake:4  | Reached skill level 10 in Polearms
 35681 | Snake:4  | Received a gift from Okawaru
 36166 | Snake:4  | Got a serpentine rune of Zot
 36549 | Slime:1  | Entered Level 1 of the Pits of Slime
 37003 | Slime:2  | Received a gift from Okawaru
 37004 | Slime:2  | Got a slimy great mace {god gift}
 37010 | Slime:2  | Identified the +8 great mace of Dust {freeze, *Drain rC+ Int+6} (Okawaru gifted it to you on level 2 of the Pits of Slime)
 37419 | Slime:3  | Reached XP level 19. HP: 152/152 MP: 26/26
 37423 | Slime:3  | Reached skill level 15 in Necromancy
 37883 | Snake:2  | Received a gift from Okawaru
 38852 | Slime:5  | Entered Level 5 of the Pits of Slime
 39793 | Elf:1    | Reached skill level 10 in Dodging
 39862 | Elf:1    | Noticed Aizul
 39874 | Elf:1    | Killed Aizul
 39898 | Elf:1    | Found Kochoba's Quality Used Wands.
 40370 | Elf:2    | Received a gift from Okawaru
 40371 | Elf:2    | Got a bloodstained cloak {god gift}
 40382 | Elf:2    | Identified the +1 cloak of the Moneychanger {Dex+6} (Okawaru gifted it to you on level 2 of the Elven Halls)
 40389 | Elf:2    | Found a runed gate.
 40389 | Elf:2    | Found a runed gate.
 40389 | Elf:2    | Found a runed gate.
 41057 | Elf:2    | Identified the Incunabulum of Evil
 41258 | Elf:3    | Entered Level 3 of the Elven Halls
 41282 | Elf:3    | Noticed Asterion
 41294 | Elf:3    | Killed Asterion
 41296 | Elf:3    | Got a steaming shield
 41303 | Elf:3    | Identified the cursed +0 shield of the Iron City of Dis {rC+} (You took it off Asterion on level 3 of the Elven Halls)
 41366 | Elf:3    | Found a deep blue altar of Sif Muna.
 41427 | Elf:3    | Reached XP level 20. HP: 129/159 MP: 27/27
 41566 | Elf:3    | Noticed Saint Roka
 41639 | Elf:3    | Killed Saint Roka
 41685 | Elf:3    | Received a gift from Okawaru
 41725 | Elf:3    | Found Xotziev's Book Shoppe.
 42182 | Elf:3    | Received a gift from Okawaru
 42320 | Elf:3    | Received a gift from Okawaru
 42321 | Elf:3    | Got a slimy quarterstaff {god gift}
 42322 | Elf:3    | Identified the +1 quarterstaff "Vitig" {distort, -Tele MR+ Str+4 Stlth+} (Okawaru gifted it to you on level 3 of the Elven Halls)
 42549 | Elf:3    | Got a fine granite ring
 42551 | Elf:3    | Identified the ring "Micaheb" {*Drain +Fly MP+9 Slay+2 SInv} (You found it on level 3 of the Elven Halls)
 42592 | Elf:3    | Identified the Volume of Enchantment
 42598 | Elf:3    | Identified a +4 rod of shadows (10/10) (You found it on level 3 of the Elven Halls)
 42608 | Elf:3    | Learned a level 1 spell: Apportation
 42615 | Elf:3    | Learned a level 6 spell: Invisibility
 42619 | Elf:3    | Learned a level 3 spell: Tukima's Dance
 42835 | Orc:2    | Got an ichor-stained buckler
 42841 | Orc:2    | Identified the -8 buckler of the Little Devil {Int+2 Stlth+} (You acquired it on level 2 of the Orcish Mines)
 43101 | Vaults:1 | Entered Level 1 of the Vaults
 43106 | Vaults:1 | Reached skill level 1 in Translocations
 43617 | Vaults:1 | Received a gift from Okawaru
 43632 | Vaults:1 | Got a warped buckler {god gift}
 43638 | Vaults:1 | Identified the +2 buckler of the Valley of Death {*Drain rPois rC+ rN++} (Okawaru gifted it to you on level 1 of the Vaults)
 43708 | Vaults:1 | Reached skill level 1 in Shields
 44025 | Vaults:2 | Noticed a Tzitzimitl
 44072 | Vaults:2 | Found Waguscheg's Gadget Shop.
 44081 | Vaults:2 | Bought a wand of heal wounds (1/9) for 450 gold pieces
 44583 | Vaults:2 | Reached XP level 21. HP: 165/165 MP: 28/28
 44619 | Vaults:2 | Reached skill level 5 in Shields
 44927 | Vaults:3 | Reached skill level 1 in Hexes
 45177 | Vaults:3 | Received a gift from Okawaru
 45271 | Vaults:3 | Got a smoking cloak {god gift}
 45282 | Vaults:3 | Identified the +0 cloak of the Eight Boll Weevils {rElec rC+ Regen+} (Okawaru gifted it to you on level 3 of the Vaults)
 45441 | Vaults:3 | Noticed Mara
 45471 | Vaults:3 | Noticed Selbstmordattentater's illusion
 45485 | Vaults:3 | Killed Mara
 45504 | Vaults:3 | Reached skill level 15 in Fighting
 46684 | Vaults:4 | Received a gift from Okawaru
 47208 | Vaults:4 | Reached XP level 22. HP: 178/178 MP: 29/29
 47581 | Vaults:4 | Received a gift from Okawaru
 47582 | Vaults:4 | Got a faintly humming hat {god gift}
 47593 | Vaults:4 | Identified the +0 hat of Summertime {rElec SInv} (Okawaru gifted it to you on level 4 of the Vaults)
 48032 | Vaults:5 | Entered Level 5 of the Vaults
 48124 | Vaults:5 | Reached skill level 16 in Necromancy
 48151 | Vaults:5 | Noticed a golden dragon
 48161 | Vaults:5 | Killed a golden dragon
 48362 | Vaults:5 | Noticed a golden dragon
 48378 | Vaults:5 | Killed a golden dragon
 48413 | Vaults:5 | Got a silver rune of Zot
 48426 | Vaults:5 | Reached skill level 17 in Necromancy
 48551 | Vaults:5 | Reached skill level 5 in Hexes
 48665 | Vaults:5 | Received a gift from Okawaru
 48677 | Vaults:5 | Got a crude quick blade {god gift}
 48678 | Vaults:5 | Identified the +2 quick blade of Eniraff {pierce, +Inv rElec Str-3 Dex+3} (Okawaru gifted it to you on level 5 of the Vaults)
 48849 | Vaults:5 | Noticed a golden dragon
 48873 | Vaults:5 | Killed a golden dragon
 48972 | Vaults:5 | Received a gift from Okawaru
 49120 | Vaults:5 | Noticed an ancient lich
 49126 | Vaults:5 | Reached skill level 10 in Hexes
 49146 | Vaults:5 | Killed an ancient lich
 49146 | Vaults:5 | Reached XP level 23. HP: 111/184 MP: 7/30
 49559 | Vaults:5 | Got a pitted flail
 49560 | Vaults:5 | Identified the +6 flail "Avojuhoff" {crush, MR+++ Str+4 Dex-5} (You found it on level 5 of the Vaults)
 49668 | Vaults:5 | Received a gift from Okawaru
 49791 | Vaults:5 | Noticed Xtahua
 49877 | Vaults:5 | Got a bloodstained plate armour
 49944 | Vaults:5 | Identified the +0 plate armour of the Valley of Death {Str-3 Dex+8 SInv Stlth-} (You found it on level 5 of the Vaults)
 49988 | Vaults:5 | Killed Xtahua
 50106 | Vaults:5 | Learned a level 5 spell: Aura of Abjuration
 50114 | Vaults:5 | Got a heavily runed brass ring
 50116 | Vaults:5 | Identified the ring "Tylo" {*Tele rN+++ Dex+6 Slay-3} (You found it on level 5 of the Vaults)
 50147 | Vaults:5 | Got a fine dagger
 50148 | Vaults:5 | Identified the +4 dagger of Summer {elec, rElec Dex+4 SInv} (You found it on level 5 of the Vaults)
 50153 | Vaults:5 | Got an opal-encrusted plate armour
 50154 | Vaults:5 | Identified the +3 plate armour "Dyhud" {Regen+ Int+2} (You found it on level 5 of the Vaults)
 50511 | Vaults:2 | Found a staircase to the Crypt.
 50831 | Vaults:1 | Noticed Jorgrun
 50837 | Vaults:1 | Killed Jorgrun
 51079 | Vaults:1 | Upgraded the game from 0.19-a0-1168-g98094fc to 0.19-a0-1170-g18f0c96
 51352 | Elf:3    | Received a gift from Okawaru
 51353 | Elf:3    | Got a shimmering trident {god gift}
 51354 | Elf:3    | Identified the +10 trident "Safoz" {freeze, Str+3} (Okawaru gifted it to you on level 3 of the Elven Halls)
 51357 | Elf:3    | Got an uncursed brightly glowing mace {crush}
 51358 | Elf:3    | Identified the +3 mace of Vepsaer {crush, Fragile rC+ Dex+3} (You took it off a deep elf high priest on level 3 of the Elven Halls)
 51384 | Elf:3    | Bought a book of Death for 1260 gold pieces
 52047 | Slime:5  | Noticed the Royal Jelly
 52050 | Slime:5  | Found a viscous altar of Jiyva.
 52054 | Slime:5  | Killed the Royal Jelly
 52054 | Slime:5  | Reached skill level 18 in Necromancy
 52247 | Slime:5  | Got a warped hand crossbow
 52248 | Slime:5  | Identified the +5 hand crossbow "Backscratcher" {freeze, Fragile rElec SInv} (You found it on level 5 of the Pits of Slime)
 52251 | Slime:5  | Got a transparent scimitar
 52252 | Slime:5  | Identified the +5 scimitar of Crusades {antimagic, +Fly MP+9 Str+4 Stlth-} (You found it on level 5 of the Pits of Slime)
 52284 | Slime:5  | Got a slimy rune of Zot
 52288 | Slime:5  | Got a pitted glaive
 52289 | Slime:5  | Identified the +4 glaive "Cupn" {chop, *Corrode +Blink rN+ SInv} (You found it on level 5 of the Pits of Slime)
 53385 | Depths:1 | Received a gift from Okawaru
 53475 | Depths:1 | Found a gateway to Hell.
 53490 | Hell     | Entered the Vestibule of Hell
 53490 | Hell     | Noticed Geryon
 53531 | Hell     | Reached XP level 24. HP: 196/197 MP: 22/34
 53886 | Hell     | Killed Geryon
 53998 | Hell     | Found a gateway to the ashen valley of Gehenna.
 54200 | Hell     | Found a gateway to the Iron City of Dis.
 54312 | Hell     | Found a gateway to the freezing wastes of Cocytus.
 54355 | Hell     | Found a gateway to the decaying netherworld of Tartarus.
 54863 | Depths:2 | Noticed Margery
 54893 | Depths:2 | Killed Margery
 54984 | Depths:2 | Found a runed warning-scrawled door.
 54986 | Depths:2 | Found a runed door.
 54987 | Depths:2 | Found a runed door.
 55142 | Depths:2 | Found Ahiet's Weapon Shoppe.
 55144 | Depths:2 | Found Cuyppoust's General Store.
 55146 | Depths:2 | Found Usyitapn's Weapon Shoppe.
 55185 | Depths:2 | Bought a scroll of summoning for 228 gold pieces
 55185 | Depths:2 | Bought a scroll of teleportation for 72 gold pieces
 55353 | Depths:2 | Found an iron altar of Okawaru.
 55505 | Depths:2 | Got a dazzling mace
 55506 | Depths:2 | Identified the +11 mace of Vamnalef {crush, rPois rC++ Int-5} (You found it on level 2 of the Depths)
 55527 | Depths:2 | Received a gift from Okawaru
 55527 | Depths:2 | Reached skill level 15 in Stealth
 55550 | Depths:2 | Got a pair of translucent boots
 55561 | Depths:2 | Identified the +1 pair of boots of Philately {+Inv rC+ rN+} (You found it on level 2 of the Depths)
 56061 | Depths:3 | Found Wucriph's Jewellery Shop.
 56061 | Depths:3 | Found Weujof's Gadget Emporium.
 56062 | Depths:3 | Found Eraety's Jewellery Shop.
 56079 | Depths:3 | Bought the ring "Gicheph" {Wiz rF+ rC+} for 612 gold pieces
 56210 | Depths:2 | Got a faintly glowing quarterstaff
 56224 | Depths:3 | Found a one-way gate leading to the halls of Pandemonium.
 56611 | Depths:3 | Received a gift from Okawaru
 57298 | Depths:4 | Found a gateway to a ziggurat.
 57570 | Depths:4 | Found a one-way gate to the infinite horrors of the Abyss.
 57769 | Depths:5 | Entered Level 5 of the Depths
 58175 | Depths:5 | Reached XP level 25. HP: 187/204 MP: 35/35
 58789 | Depths:5 | Reached skill level 15 in Dodging
 59089 | Depths:5 | Received a gift from Okawaru
 59207 | Depths:4 | Noticed a juggernaut
 59218 | Depths:5 | Killed a juggernaut
 59311 | Depths:4 | Reached skill level 19 in Necromancy
 59401 | Depths:4 | Got a translucent eveningstar
 59402 | Depths:4 | Identified the cursed +1 eveningstar of Sejoenem {venom, rF+ Str+2 Dex+4} (You found it on level 4 of the Depths)
 59491 | Depths:5 | Found a gate to the Realm of Zot.
 59518 | Zot:1    | Entered Level 1 of the Realm of Zot
 60025 | Zot:1    | Received a gift from Okawaru
 60752 | Zot:2    | Gained mutation: You are strongly in touch with the powers of death. [Mummy growth]
 60752 | Zot:2    | Reached XP level 26. HP: 215/215 MP: 35/35
 60834 | Zot:2    | Received a gift from Okawaru
 62627 | Zot:3    | Received a gift from Okawaru
 62722 | Zot:3    | Received a gift from Okawaru
 63488 | Zot:3    | Upgraded the game from 0.19-a0-1170-g18f0c96 to 0.19-a0-1176-g1ecfaa6
 63551 | Zot:4    | Reached skill level 20 in Necromancy
 63551 | Zot:4    | Reached XP level 27. HP: 221/221 MP: 35/35
 63921 | Zot:4    | Noticed an orb of fire
 63946 | Zot:4    | Noticed an orb of fire
 64530 | Zot:4    | Killed an orb of fire
 64530 | Zot:4    | Received a gift from Okawaru
 64551 | Zot:4    | Killed an orb of fire
 64789 | Zot:5    | Entered Level 5 of the Realm of Zot
 64789 | Zot:5    | Noticed an ancient lich
 64789 | Zot:5    | Noticed an ancient lich
 64802 | Zot:5    | Noticed an orb of fire
 64872 | Zot:5    | Noticed an ancient lich
 64965 | Zot:5    | Received a gift from Okawaru
 65262 | Zot:5    | Noticed an ancient lich
 65277 | Zot:5    | Killed an ancient lich
 65338 | Zot:5    | Received a gift from Okawaru
 65397 | Zot:5    | Killed an ancient lich
 65756 | Zot:5    | Noticed an orb of fire
 65767 | Zot:5    | Noticed an ancient lich
 65778 | Zot:5    | Killed an ancient lich
 65778 | Zot:5    | Reached skill level 15 in Hexes
 65810 | Zot:5    | Noticed an orb of fire
 65817 | Zot:5    | Killed an ancient lich
 65817 | Zot:5    | Received a gift from Okawaru
 65817 | Zot:5    | Reached skill level 5 in Translocations
 65869 | Zot:5    | Killed an orb of fire
 65914 | Zot:5    | Killed an ancient lich
 66056 | Zot:5    | Killed an orb of fire
 66271 | Zot:5    | Killed an orb of fire
 66301 | Zot:5    | Got a spiked cloak {god gift}
 66364 | Zot:5    | Identified the +0 cloak of the Stars {rF+ Str+7 Int-4 Stlth+} (Okawaru gifted it to you on level 5 of the Realm of Zot)
 66596 | Zot:4    | Received a gift from Okawaru
 66606 | Zot:4    | Got a shimmering halberd {god gift}
 66607 | Zot:4    | Identified the +1 halberd of Guilt {pain, Int+8} (Okawaru gifted it to you on level 4 of the Realm of Zot)
 66749 | Hell     | Learned a level 5 spell: Dispel Undead
 66839 | Depths:3 | Bought a +6 ring of dexterity for 585 gold pieces
 66928 | Depths:1 | Reached skill level 21 in Necromancy
 66999 | D:15     | Bought a scroll of acquirement for 1508 gold pieces
 67285 | Depths:4 | Voluntarily entered the Abyss.
 68414 | Abyss:3  | Got an abyssal rune of Zot
 68515 | Abyss:3  | Reached skill level 22 in Necromancy
 69064 | Abyss:3  | Received a gift from Okawaru
 69211 | Abyss:3  | Reached skill level 10 in Invocations
 69424 | Depths:4 | Escaped the Abyss
 69542 | Hell     | Learned a level 5 spell: Lee's Rapid Deconstruction
 69648 | D:15     | Bought the +8 hand axe of Guile {elec, Int+9} for 880 gold pieces
 69845 | Crypt:1  | Entered Level 1 of the Crypt
 71182 | Crypt:3  | Entered Level 3 of the Crypt
 71233 | Crypt:3  | Reached skill level 1 in Earth Magic
 71612 | Crypt:3  | Received a gift from Okawaru
 71646 | Crypt:3  | Found a staircase to the Tomb.
 71677 | Crypt:3  | Reached skill level 5 in Earth Magic
 72272 | Crypt:3  | Found an ancient bone altar of Kikubaaqudgha.
 72324 | Crypt:3  | Noticed an ancient lich
 72330 | Crypt:3  | Killed an ancient lich
 72334 | Crypt:3  | Identified the Reference Book on the Venomous Traveller (You found it on level 3 of the Crypt)
 72624 | Crypt:3  | Identified Kikubaaqudgha's Volume of Sinister Rituals
 72664 | Crypt:3  | Upgraded the game from 0.19-a0-1176-g1ecfaa6 to 0.19-a0-1183-gcd7e582
 72865 | Tomb:1   | Entered Level 1 of the Tomb of the Ancients
 73479 | Tomb:1   | Noticed a greater mummy
 73483 | Tomb:1   | Noticed a greater mummy
 73486 | Tomb:1   | Noticed a greater mummy
 73511 | Tomb:1   | Killed a greater mummy
 73517 | Tomb:1   | Noticed a greater mummy
 73524 | Tomb:1   | Killed a greater mummy
 73524 | Tomb:1   | Reached skill level 10 in Earth Magic
 73526 | Tomb:1   | Noticed a greater mummy
 74093 | Pan      | Entered Pandemonium
 74115 | Pan      | Found an exit through the horrors of the Abyss.
 74151 | Pan      | Received a gift from Okawaru
 74155 | Pan      | Noticed Suyqom the pandemonium lord
 74185 | Pan      | Paralysed by a giant eyeball for 4 turns
 74585 | Pan      | Killed Suyqom the pandemonium lord
 74593 | Pan      | Reached skill level 10 in Spellcasting
 74693 | Pan      | Found a runed door.
 74725 | Pan      | Got a demonic rune of Zot
 74881 | Pan      | Found an exit through the horrors of the Abyss.
 75114 | Pan      | Got a polished flail
 75148 | Pan      | Noticed Vocafroa the pandemonium lord
 75169 | Pan      | Killed Vocafroa the pandemonium lord
 75204 | Pan      | Identified the +8 flail of Topse {freeze, MR+ SInv} (You found it in Pandemonium)
 75547 | Pan      | Found a white marble altar of Elyvilon.
 75607 | Pan      | Got a crude large shield
 75615 | Pan      | Identified the cursed +0 large shield of Focus {Dex+3} (You took it off a daeva in Pandemonium)
 76410 | Pan      | Received a gift from Okawaru
 76411 | Pan      | Got a pair of spiked boots {god gift}
 76479 | Pan      | Identified the +0 pair of boots of Cowardice {rPois rN+ Str-3 SInv} (Okawaru gifted it to you in Pandemonium)
 76540 | Pan      | Got an iridescent mace
 76541 | Pan      | Identified the +5 mace of the Endless Suns {freeze, rElec MR+ Str-2} (You found it in Pandemonium)
 76860 | Pan      | Learned a level 8 spell: Infestation
 77493 | Pan      | Got a shimmering large shield
 77520 | Pan      | Identified the cursed -1 large shield of Darkness {rCorr} (You took it off a daeva in Pandemonium)
 77572 | Pan      | Reached skill level 23 in Necromancy
 79412 | Pan      | Received a gift from Okawaru
 79432 | Pan      | Found a glowing silver altar of Zin.
 80940 | Pan      | Found a glowing golden altar of the Shining One.
 80943 | Pan      | Slain by an apis

Vault maps used:
D:1:      lightli_arrival_windingriver, hangedman_decor_peaks_small
D:2:      kennysheep_okawaru_gauntlet, minmay_domino_4, uniq_natasha,
          uniq_crazy_yiuf_cottage
D:3:      portal_sewer_entry_d, kennysheep_generic_room_15
D:4:      first_bread, uniq_edmund, uniq_pikel, uniq_grinder
D:6:      bh_walls_and_bars
D:7:      minivault_1, uniq_duvessa
D:8:      grunt_temple_overflow_open, gammafunk_temple_overflow_wave,
          david_lair_shrubbed
D:9:      hangedman_screamer, serial_ice, serial_ice_o, serial_ice_a,
          serial_ice_h, serial_ice_d, serial_ice_m, serial_ice_g
D:11:     orc_0_dummy, grunt_tengu_nest
D:12:     nicolae_trove_entry_free_sample, moated_statue
D:13:     portal_ice_cave_entry_imps
D:14:     david_vaults_2, kennysheep_small_spiral, basic_altar, serial_shops,
          shop_fountains, trog_ov_bears_minmay
D:15:     grunt_enter_depths_magical_seal, serial_shops,
          nicolae_shop_behind_doors, shop_statue, shop, shop_fountains, shop,
          roderic_hopi_sauvastika, tso_altar
Temple:   minmay_temple_bridge_abc
Lair:1:   minmay_lair_venomous_thicket, lemuel_fruit_fields, uniq_fannar
Lair:2:   minmay_lair_oklob_items, elwin_shoals_entry_rooms
Lair:3:   guppyfry_snake_entry_garden, grunt_forest_stairs_clearing,
          grunt_megastairs_3
Lair:4:   minmay_lair_oklob_chamber, nicolae_volcano_entry_batcave,
          bobbens_dragon_lair_wall, infiniplex_staircase_pool, uniq_sonja
Lair:5:   minmay_holes
Lair:6:   due_jungle_book, dpeg_slime_entry_corner,
          hangedman_lair_unloving_vines, serial_bayou_ford_a
Shoals:1: uniq_roxanne
Shoals:2: nicolae_shoals_dead_sea_scrolls
Shoals:4: shoals_end_hangedman, shoal_ilsuiw, uniq_nikola
Snake:1:  grunt_megastairs_2
Snake:2:  serial_shops, shop, serial_bayou_shore_b
Snake:4:  grunt_snake_rune_pools, serial_shops, nicolae_shop_stone
Orc:1:    uniq_snorg
Orc:2:    st_orc_mages, serial_shops, shop, minmay_orc_temple_c
Elf:1:    minmay_elf_arrival_plus, evilmike_minifort, st_stairs_14,
          nicolae_for_you_no_charge, uniq_donald, uniq_aizul
Elf:2:    spider_trap, grunt_ministairs_8, minmay_elf_necromancy
Elf:3:    minmay_elf_hall_dome, serial_shops,
          nicolae_shop_temple_entry_statues_fountains, basic_altar,
          uniq_asterion, uniq_saint_roka
Vaults:1: nicolae_vaults_three_branches, v_misc_30, vaults_standard_mumra_x,
          nicolae_vaults_network_square, v_misc_31, v_misc_11,
          ontoclasm_vaults_twist, vaults_room_pool,
          nicolae_vaults_little_squares_2, uniq_jorgrun
Vaults:2: vaults_dpeg_spiral, nicolae_vaults_little_squares_6,
          nicolae_vaults_network_periphery, ontoclasm_vaults_fault,
          ontoclasm_vaults_ligature, nicolae_vaults_alarming, serial_shops, shop
Vaults:3: hangedman_vaults_hat, grunt_vaults_hallway_long, v_rooms_4, v_misc_4,
          hangedman_vaults_slice, grunt_vaults_hallway_long, vaults_room_pools,
          v_alt_pattern_6, v_misc_4, special_room_vaults,
          nicolae_vaults_shelves_hall, hangedman_vaults_impose,
          nicolae_vaults_little_squares_2, uniq_mara
Vaults:4: v_misc_1, grunt_vaults_bifocal, nicolae_vaults_network_star,
          nicolae_vaults_network_s, v_pattern_4, nicolae_vaults_c_with_doors,
          v_rooms_4, vaults_room_large_hall, ontoclasm_vaults_decontamination,
          nicolae_vaults_shelves_hall, vaults_dpeg_hooks,
          grunt_vaults_hallway_long
Vaults:5: uniq_xtahua
Crypt:3:  quadcrypt_mu
Depths:1: hell_entry, mu_enter_wizlab_3, nicolae_wwwww,
          kennysheep_generic_room_12
Depths:2: evilmike_iron_armoury, minmay_crystal_water, grunt_metal_band,
          mikee_hates_you, minmay_shop_star, firewood_loft,
          infiniplex_staircase_star
Depths:3: minmay_box_of_statues, hangedman_geh_valley, minivault_11, pan_entry,
          spider_trap, hangedman_abyss_or_decor_passed, minmay_shop_grove
Depths:4: minmay_connected_triangles_in_corner, enter_ziggurat_b,
          small_statue_intersection, marbit_kobold_abyss_entry, hell_entry
Depths:5: grunt_zot_entry_gee_three, kennysheep_doodads, abyss_entry, hell_entry
Zot:1:    zot_minivault_5
Zot:2:    grunt_megastairs_1
Zot:4:    grunt_ministairs_12, lemuel_lake_of_fire
Abyss:2:  hangedman_cross_veins
Pan:      regret_index_pan_draining_boxed, grunt_pan_pentagram,
          pan_blood_fountain_small, evilmike_holy_pan
Sewer:    sewer_co_cracked_pipes
IceCv:    ice_cave_caverns_01
Volcano:  volcano_village
WizLab:   wizlab_cigotuvi

Skill      XL: |  1  2  3  4  5  6  7  8  9 10 11 12 13 14 15 16 17 18 19 20 21 22 23 24 25 26 27 |
---------------+----------------------------------------------------------------------------------+-----
Necromancy     | 5 6 7 8 10 11 12 13 14 15 17 18 19 20 23 | 23.0
Spellcasting   | 3 5 7 8 12 | 12.0
Fighting       | 1 3 4 6 7 10 11 12 14 16 18 19 22 | 22.6
Staves         | 1 2 |  2.0
Dodging        | 2 4 5 6 7 9 11 12 14 15 16 17 | 17.0
Stealth        | 4 5 7 8 9 10 12 14 16 17 18 | 18.0
Evocations     | 3 4 5 7 8 |  8.0
Invocations    | 3 4 6 7 8 9 10 | 10.0
Maces & Flails | 2 4 5 |  5.5
Polearms       | 1 5 6 8 9 10 11 13 14 | 14.0
Armour         | 1 7 10 11 13 | 13.0
Short Blades   | 4 5 7 8 |  8.0
Translocations | 3 4 5 |  5.0
Shields        | 4 5 |  5.0
Hexes          | 4 10 11 13 14 15 | 15.0
Earth Magic    | 12 | 12.8

Action                   |  1- 3 |  4- 6 |  7- 9 | 10-12 | 13-15 | 16-18 | 19-21 | 22-24 | 25-27 || total
-------------------------+-------+-------+-------+-------+-------+-------+-------+-------+-------++-------
Melee: Unarmed           |     1 |       |       |       |       |       |       |       |       ||     1
       Quarterstaff      |       |    60 |   216 |    18 |       |       |    23 |       |       ||   317
       Flail             |       |       |    49 |    81 |    10 |       |       |       |       ||   140
       Whip              |       |       |    33 |   473 |       |       |       |       |       ||   506
       Dagger            |       |       |     2 |   211 |    70 |     8 |     3 |       |       ||   294
       Spear             |       |       |       |     3 |    20 |    14 |       |     1 |       ||    38
       Short sword       |       |       |       |   117 |  1127 |    57 |    70 |    36 |   114 ||  1521
       Punch             |       |       |       |       |     9 |     4 |     8 |       |       ||    21
       Trident           |       |       |       |       |   510 |  1727 |  2105 |  2643 |  5074 || 12059
       Quick blade       |       |       |       |       |       |       |       |    14 |       ||    14
       Staff             |       |       |       |       |       |       |       |       |     7 ||     7
       Eveningstar       |       |       |       |       |       |       |       |       |     1 ||     1
 Cast: Pain              |    81 |    78 |    31 |    14 |    11 |    14 |    10 |       |       ||   239
       Animate Skeleton  |    10 |    13 |     8 |    16 |    13 |     3 |       |       |       ||    63
       Vampiric Draining |       |     1 |    56 |   146 |   160 |   167 |   189 |   200 |   273 ||  1192
       Animate Dead      |       |       |    10 |    50 |    62 |    75 |       |     1 |     5 ||   203
       Agony             |       |       |       |       |       |     8 |    28 |    95 |   422 ||   553
       Cigotuvi's Embrac |       |       |       |       |       |       |    61 |    42 |   103 ||   206
       Apportation       |       |       |       |       |       |       |     5 |    56 |    84 ||   145
       Invisibility      |       |       |       |       |       |       |       |       |     7 ||     7
       Lee's Rapid Decon |       |       |       |       |       |       |       |       |    90 ||    90
       Dispel Undead     |       |       |       |       |       |       |       |       |    82 ||    82
       Infestation       |       |       |       |       |       |       |       |       |     7 ||     7
       Tukima's Dance    |       |       |       |       |       |       |       |       |     1 ||     1
Invok: Heroism           |       |       |       |     1 |    14 |     6 |    10 |    10 |    31 ||    72
 Abil: Evoke Flight      |       |       |       |     6 |     5 |    60 |       |     8 |    41 ||   120
       Stop Flying       |       |       |       |     1 |       |     2 |       |     2 |     6 ||    11
       Evoke Invisibilit |       |       |       |       |    12 |     3 |     1 |     2 |       ||    18
Evoke: Wand              |       |       |     2 |    29 |    38 |    35 |    15 |    19 |    49 ||   187
       Sack of spiders   |       |       |       |     2 |       |     4 |       |       |       ||     6
  Use: Scroll            |       |       |     8 |    34 |    23 |    14 |     7 |    24 |    44 ||   154
 Stab: Sleeping          |       |     2 |     7 |    14 |    62 |    41 |    57 |    36 |   110 ||   329
       Distracted        |       |       |     1 |    13 |    10 |    13 |    17 |    10 |    29 ||    93
       Confused          |       |       |     1 |       |       |       |       |       |       ||     1
       Petrifying        |       |       |       |     1 |       |       |       |       |       ||     1
       Invisible         |       |       |       |       |    35 |     7 |     7 |     1 |     6 ||    56
       Paralysed         |       |       |       |       |       |     3 |     1 |       |       ||     4
       Petrified         |       |       |       |       |       |       |       |       |     1 ||     1
Armor: Robe              |     2 |    22 |     5 |   137 |       |       |       |       |       ||   166
       Animal skin       |       |       |   113 |       |       |       |       |       |       ||   113
       Scale mail        |       |       |       |    30 |       |       |       |       |       ||    30
       Ring mail         |       |       |       |   117 |       |       |       |       |       ||   117
       Shadow dragon arm |       |       |       |    34 |   738 |   987 |   640 |   827 |  1540 ||  4766
Dodge: Dodged            |    17 |    33 |   227 |   681 |   930 |  1467 |  1176 |  1426 |  2727 ||  8684
Block: Other             |       |       |       |       |       |       |    58 |       |       ||    58
       Buckler           |       |       |       |       |       |       |   551 |  1052 |  2067 ||  3670
